 Dungeon Crawl Stone Soup version 0.31-a0-1-g4198be8af4 (webtiles) character file.

Game seed: 14015515564988453554

6643 erloom the Cleaver (level 10, -23/95 HPs)
             Began as a Minotaur Fighter on Mar 4, 2023.
             Was a Priest of Okawaru.
             Annihilated by a boulder beetle (27 damage)
             ... on level 9 of the Dungeon on Apr 30, 2023.
             The game lasted 00:30:24 (9379 turns).

erloom the Cleaver (Minotaur Fighter)               Turns: 9379, Time: 00:30:24

Health: -23/95     AC: 24    Str: 22    XL:     10   Next: 72%
Magic:  8/12       EV:  8    Int:  9    God:    Okawaru [***...]
Gold:   385        SH:  5    Dex:  9    Spells: 9/9 levels left

rFire   . . .        L - +1 hand axe (flame)
rCold   . . .        c - +0 buckler
rNeg    . . .        K - +0 plate armour
rPois   +            x - +2 hat
rElec   .            k - +1 cloak
rCorr   .            p - +0 pair of gloves
SInv    .            n - +0 pair of boots
Will    .....        (no amulet) Stlth
                     C - ring of poison resistance
HPRegen 0.35/turn    (no ring)
MPRegen 0.13/turn

%: no passive effects
@: mighty, heroic, hasted (expiring), very quick
A: horns 2, retaliatory headbutt
a: Renounce Religion, Heroism


You were on level 9 of the Dungeon.
You worshipped Okawaru.
Okawaru was most pleased with you.
You visited 2 branches of the dungeon, and saw 10 of its levels.

You collected 385 gold pieces.

Inventory:

Hand Weapons
 a - a +0 war axe
 L - a +1 hand axe of flaming (weapon)
Missiles
 D - 8 boomerangs (quivered)
Armour
 b - a +0 scale mail
 c - a +0 buckler (worn)
 e - a +0 chain mail
 k - a +1 cloak (worn)
 n - a +0 pair of boots (worn)
 p - a +0 pair of gloves (worn)
 x - a +2 hat (worn)
 H - a scarf of invisibility
 K - a +0 plate armour (worn)
 O - +0 acid dragon scales
Jewellery
 C - a ring of poison resistance (left hand)
 I - a ring of wizardry
 P - an amulet of regeneration
Wands
 l - a wand of flame (25)
 A - a wand of roots (34)
 M - a wand of polymorph (8)
 N - a wand of digging (6)
Scrolls
 g - 5 scrolls of poison
 r - a scroll of butterflies
 v - 2 scrolls of identify
 y - 2 scrolls of fear {unknown}
 z - a scroll of amnesia {unknown}
 B - a scroll of magic mapping
 F - a scroll of vulnerability {unknown}
 G - 3 scrolls of immolation
 J - a scroll of brand weapon {unknown}
Potions
 d - a potion of might
 h - a potion of resistance
 i - a potion of attraction
 j - 2 potions of brilliance
 m - a potion of ambrosia
 o - 3 potions of magic {unknown}
 q - 4 potions of curing {unknown}
 s - a potion of haste
 t - a potion of mutation {unknown}
 u - 2 potions of cancellation {unknown}
 w - a potion of invisibility {unknown}
 E - 2 potions of lignification {unknown}


   Skills:
 + Level 11.1(16.1) Fighting
 + Level 13.5(18.5) Axes
 + Level 9.1(14.1) Armour
 - Level 3.6(8.6) Shields
 - Level 4.0 Invocations


You had 9 spell levels left.
You didn't know any spells.
Your spell library contained the following spells:

 Spells                   Type           Power      Damage    Failure   Level
 Ozocubu's Armour         Ice            0%         N/A       100%        3
 Metabolic Englaciation   Hex/Ice        0%         N/A       100%        5
 Simulacrum               Ice/Necr       Unusable   N/A       N/A         6

Dungeon Overview and Level Annotations

Branches:
Dungeon (9/15)             Temple (1/1) D:4            Lair (0/5) D:8
    Orc: D:9-12

Altars:
Ashenzari
Cheibriados
Elyvilon
Fedhas
Gozag
Nemelex Xobeh
Okawaru
Qazlal
Ru
Sif Muna
Uskayaw
Xom
Zin
The Shining One

Shops:
D:4 *   D:8 (

Annotations:
D:5 2 transporters, caveywoolpert's ghost, novice DsEE
D:8 3 runed translucent doors, Reshi88's ghost, novice FoFi


Innate Abilities, Weirdness & Mutations

You have a pair of horns on your head.
You reflexively headbutt those who attack you in melee.


Message History

You hit the boulder beetle but do no damage.
You headbutt the boulder beetle!
The boulder beetle is heavily wounded.
You hit the boulder beetle but do no damage.
The boulder beetle is heavily wounded.
The boulder beetle bites you but does no damage.
You hit the boulder beetle but do no damage.
You headbutt the boulder beetle.
The boulder beetle is heavily wounded.
You hit the boulder beetle but do no damage.
The boulder beetle is heavily wounded.
The boulder beetle bites you but does no damage.
You hit the boulder beetle. You burn the boulder beetle.
The boulder beetle is severely wounded.
You hit the boulder beetle but do no damage.
The boulder beetle is severely wounded.
The boulder beetle bites you!
* * * LOW HITPOINT WARNING * * *
You hit the boulder beetle. You burn the boulder beetle.
The boulder beetle is severely wounded.
You gain the combat prowess of a mighty hero.
The boulder beetle bites you but does no damage.
You hit the boulder beetle but do no damage.
You headbutt the boulder beetle.
The boulder beetle is severely wounded.
You slash the boulder beetle! You burn the boulder beetle.
The boulder beetle is almost dead.
The boulder beetle bites you!
* * * LOW HITPOINT WARNING * * *
Okay, then.
Okay, then.
Really read the scroll of immolation?
Okay, then.
Okay, then.
You feel very mighty all of a sudden.
The boulder beetle curls into a ball and begins rolling!
Your extra speed is starting to run out.
There is a stone staircase leading up here.
The boulder beetle hits you!!
You die...

##.....#..)#.....# ..#
.........#.........##..#
...................#...#
#........##...##.......#
####.>.........###.......#
#.......###....###.......#
.#.......##.....##.......###+
...........#......○.......#......
....##.....##...@B<°°##.##.......
....###...........#..##.°#○.....8
.....##.##...............°.#.....
.....##...††..##....##.....#.....
..............##.............###'
....##...>....##.............##..
.............##..............#...
.###..#.......#<.............#...
..##.##.................##.).#...


You could see a boulder beetle (rolling).

Vanquished Creatures
  Pikel (D:3)
  An unseen horror (D:7)
  A hornet (D:8)
  Grinder (D:4)
  2 wyverns
  Sigmund (D:2)
  9 yaks
  2 basilisks
  A steam dragon (D:8)
  Edmund (D:4)
  2 acid dragons
  5 water moccasins
  3 orc warriors
  2 black bears
  2 centaurs
  A lemure (D:4)
  3 kobold brigands
  2 bullfrogs
  Blork the orc (D:5)
  2 scorpions
  2 gnoll sergeants
  4 howler monkeys
  2 jellies (D:5)
  10 orc priests
  A gnoll bouda (D:5)
  2 hounds
  Crazy Yiuf (D:4)
  Natasha (D:3)
  An iguana (D:6)
  11 orc wizards
  Robin (D:2)
  8 adders
  6 gnolls
  A shadow imp (D:6)
  A white imp (D:7)
  An ufetubus (D:4)
  A worm (D:4)
  45 orcs
  3 ball pythons
  7 bats
  7 endoplasms
  3 giant cockroaches
  16 goblins
  15 hobgoblins
  3 jackals (D:1)
  7 quokkas
  4 frilled lizards
  23 kobolds
  A rat (D:1)
231 creatures vanquished.

Vanquished Creatures (others)
  An ugly thing (D:9)
  2 orc warriors (D:9)
  A kobold brigand (D:9)
  A bullfrog (D:9)
  An orc wizard (D:5)
  15 fungi
  12 plants (D:8)
33 creatures vanquished.

Grand Total: 264 creatures vanquished

Notes
Turn   | Place    | Note
-------+----------+-------------------------------------------
     0 | D:1      | erloom the Minotaur Fighter began the quest for the Orb.
     0 | D:1      | Reached XP level 1. HP: 19/19 MP: 0/0
   132 | D:1      | Upgraded the game from 0.30-a0-782-ge64f9170bb to
                  | 0.31-a0-1-g4198be8af4
   268 | D:1      | Reached XP level 2. HP: 27/27 MP: 1/1
   271 | D:1      | Reached skill level 3 in Axes
   978 | D:2      | Reached XP level 3. HP: 33/33 MP: 2/2
  1035 | D:2      | Noticed Sigmund
  1183 | D:2      | Noticed Robin
  1187 | D:2      | Reached skill level 4 in Axes
  1204 | D:2      | Killed Robin
  1456 | D:2      | Reached skill level 5 in Axes
  1456 | D:2      | Reached XP level 4. HP: 40/40 MP: 3/3
  1769 | D:3      | Reached skill level 6 in Axes
  1786 | D:3      | Reached XP level 5. HP: 41/46 MP: 4/4
  2514 | D:2      | Killed Sigmund
  2515 | D:2      | Reached skill level 7 in Axes
  2515 | D:2      | Reached XP level 6. HP: 18/52 MP: 5/5
  2697 | D:4      | Reached skill level 8 in Axes
  2750 | D:4      | Found Fubbioj's Assorted Antiques.
  3101 | D:4      | Noticed Natasha
  3118 | D:3      | Killed Natasha
  3221 | D:3      | Reached skill level 9 in Axes
  3221 | D:3      | Reached XP level 7. HP: 53/59 MP: 6/6
  3351 | D:4      | Noticed Grinder
  3351 | D:4      | Paralysed by Grinder for 4 turns
  3381 | D:4      | Killed Grinder
  3382 | D:4      | Reached skill level 5 in Fighting
  3562 | D:4      | Noticed Pikel
  3596 | D:3      | Killed Pikel
  3597 | D:3      | Reached skill level 10 in Axes
  3597 | D:3      | Reached XP level 8. HP: 52/71 MP: 7/7
  3664 | D:4      | Noticed Edmund
  3677 | D:4      | Killed Edmund
  3838 | D:4      | Found a staircase to the Ecumenical Temple.
  3844 | Temple   | Entered the Ecumenical Temple
  3913 | Temple   | Became a worshipper of Warmaster Okawaru
  4139 | D:4      | Found a runed translucent door.
  4140 | D:4      | Noticed Crazy Yiuf
  4147 | D:4      | Killed Crazy Yiuf
  4263 | D:5      | Entered Level 5 of the Dungeon
  4280 | D:5      | Reached skill level 11 in Axes
  4309 | D:5      | Found a transporter.
  4313 | D:5      | Noticed caveywoolpert's ghost (novice DsEE)
  4424 | D:5      | Found a transporter.
  4639 | D:5      | Noticed Blork the orc
  4664 | D:5      | Killed Blork the orc
  4880 | D:5      | Reached * piety under Okawaru
  4882 | D:5      | Reached skill level 5 in Armour
  4887 | D:5      | Reached XP level 9. HP: 61/82 MP: 8/8
  5398 | D:6      | Found a shimmering blue altar of Sif Muna.
  5575 | D:6      | Found a sacrificial altar of Ru.
  6271 | D:7      | Reached skill level 1 in Invocations
  6407 | D:7      | Found a blossoming altar of Fedhas.
  6556 | D:7      | Killed an unseen horror
  6912 | D:7      | Reached skill level 12 in Axes
  7222 | D:7      | Reached ** piety under Okawaru
  7695 | D:7      | Reached XP level 10. HP: 33/93 MP: 11/11
  7922 | D:8      | Found a staircase to the Lair.
  7951 | D:8      | Reached skill level 10 in Fighting
  8001 | D:8      | Reached *** piety under Okawaru
  8137 | D:8      | Found a runed translucent gate.
  8137 | D:8      | Noticed Reshi88's ghost (novice FoFi)
  8138 | D:8      | Found a runed translucent gate.
  8138 | D:8      | Found a runed translucent gate.
  8138 | D:8      | Noticed a ten-headed hydra
  8330 | D:8      | Found Zequaf's Weapon Shoppe.
  8422 | D:8      | Reached skill level 13 in Axes
  8879 | D:9      | Reached **** piety under Okawaru
  8947 | D:9      | Killed a white ugly thing
  9157 | D:9      | Found a shimmering altar of Xom.
  9307 | D:9      | Noticed a boulder beetle
  9370 | D:9      | HP: 2/95 [boulder beetle (14)]
  9379 | D:9      | Annihilated by a boulder beetle

Illustrated notes

Levels and vault maps discovered:
D:1:      amcnicky_arrival_abandoned_market, layout_loops_corners,
          grunt_decor_resistance
D:2:      layout_basic, uniq_robin, uniq_sigmund
D:3:      kennysheep_the_goblin_king, layout_basic, minivault_25
D:4:      layout_cave_pools, minmay_temple_entry_wispy, serial_shops, shop,
          uniq_pikel, uniq_edmund, uniq_natasha, uniq_crazy_yiuf_cottage,
          uniq_grinder
D:5:      layout_loops_cross, gammafunk_ghost_arena, uniq_blork_the_orc
D:6:      layout_basic, nicolae_ru_the_path_less_chosen, lemuel_crystal_altar,
          serial_aquarium, aquarium_bridge_square [aquarium_subvault_bridge,
          aquarium_subvault_wall, aquarium_subvault_wall,
          aquarium_subvault_wall], aquarium_window_corridor_3,
          aquarium_window_corner, aquarium_window_1, aquarium_window_fake,
          aquarium_view_2b, aquarium_pool_side
D:7:      layout_rooms, kennysheep_mini_moat
D:8:      layout_loops_cross, minmay_lair_entry_grove,
          gammafunk_ghost_hydra_chop, serial_shops,
          nicolae_shop_pleasant_corner_grove, grunt_ministairs_4
D:9:      layout_cave_pools, xom_confusion_cloud, minmay_three_doors
Temple:   nicolae_temple_bog_church

Skill      XL: |  1  2  3  4  5  6  7  8  9 10 |
---------------+-------------------------------+-----
Fighting       | 4 6 8 9 11 | 11.1
Axes           | 3 5 6 7 9 10 11 12 13 | 13.5
Armour         | 5 7 9 |  9.1
Invocations    | 3 4 |  4.0
Shields        | |  3.6

Action                     |  1- 3 |  4- 6 |  7- 9 | 10-12 || total
---------------------------+-------+-------+-------+-------++-------
  Melee: War axe           |   115 |   118 |   328 |    30 ||   591
         Headbutt          |    12 |    12 |    53 |    52 ||   129
         Hand axe          |       |       |       |   162 ||   162
 Invoke: Heroism           |       |       |       |     3 ||     3
         Finesse           |       |       |       |     1 ||     1
    Use: Scroll            |       |     5 |     6 |     2 ||    13
         Potion            |       |     1 |     1 |     3 ||     5
 Armour: Chain mail        |    66 |    78 |   156 |       ||   300
         Plate armour      |       |       |    96 |    66 ||   162
  Dodge: Dodged            |    36 |    27 |    97 |    34 ||   194
  Block: Buckler           |    21 |    21 |    44 |    23 ||   109

Table legend: (Time is in decaauts)
 A = Elapsed time spent in this place.
 B = Non-inter-level travel time spent in this place.
 C = Inter-level travel time spent in this place.
 D = Time resting spent in this place.
 E = Time spent auto-exploring this place.
 F = Levels seen in this place.
 G = Mean time per level.
                   A        B        C        D        E       F      G
               +--------+--------+--------+--------+--------+-----+--------+
         Total |   9363 |   9158 |    205 |   2216 |   4174 |  10 |  936.3 |
       Dungeon |   9280 |   9081 |    199 |   2216 |   4174 |   9 | 1031.1 |
        Temple |     83 |     77 |      6 |      0 |      0 |   1 |   83.0 |
               +--------+--------+--------+--------+--------+-----+--------+

Top non-repeatable levels by time:
     D:3: 1561 daAuts
     D:7: 1444 daAuts
     D:8: 1097 daAuts
     D:1: 1031 daAuts
     D:5: 994 daAuts
     D:4: 856 daAuts
     D:6: 846 daAuts
     D:2: 789 daAuts
     D:9: 659 daAuts
  Temple: 83 daAuts
